 Dungeon Crawl Stone Soup version 0.27-a0-824-gca8104f8d5 (webtiles) character file.

Game seed: 6733166006589055754

25 Kakkamies the Magician (level 3, -1/26 HPs)
             Began as a Djinni Fire Elementalist on Mar 30, 2021.
             Slain by an orc priest
             ... wielding a +0 short sword
              (3 damage)
             ... on level 2 of the Dungeon.
             The game lasted 00:05:02 (1277 turns).

Kakkamies the Magician (Djinni Fire Elementalist)   Turns: 1277, Time: 00:05:02

Health: -1/26      AC:  2    Str:  7    XL:     3   Next: 4%
Gold:   50         EV: 12    Int: 17    God:
                   SH:  0    Dex: 13

rFire    + + .     SeeInvis .   c - +3 dagger
rCold    x . .     Faith    .   (no shield)
rNeg     . . .     Spirit   .   a - +0 robe
rPois    ∞         Reflect  .   (no helmet)
rElec    .         Harm     .   (no cloak)
rCorr    .         Rampage  .   (no gloves)
Will     .....                  (boots unavailable)
Stlth    ++........             (no amulet)
HPRegen  0.08/turn              (no ring)
MPRegen  0.00/turn              (no ring)

@: flying
A: fire resistance 2, cold vulnerability 1, float, innate caster, hp casting,
extra vitality 1
a: no special abilities


You were on level 2 of the Dungeon.
You visited 1 branch of the dungeon, and saw 2 of its levels.

You collected 50 gold pieces.

Inventory:

Hand Weapons
 c - a +3 dagger (weapon)
Missiles
 j - 6 poisoned darts
Armour
 a - a +0 robe (worn)
Scrolls
 b - a scroll of torment {unknown}
 d - a scroll of blinking {unknown}
 e - a scroll of fog {unknown}
 g - a scroll of identify {unknown}
Potions
 f - a potion of curing {unknown}
 h - a potion of flight {unknown}
 i - 2 potions of berserk rage {unknown}


   Skills:
 + Level 0.4 Fighting
 + Level 2.4 Dodging
 + Level 1.6 Stealth
 + Level 3.3 Spellcasting


You couldn't memorise any spells.
You knew the following spells:

 Your Spells              Type           Power      Damage    Failure   Level
a - Foxfire               Conj/Fire      56%        2x1d6     4%          1
b - Conjure Flame         Conj/Fire      14%        6-21      13%         3
c - Inner Flame           Hex/Fire       14%        N/A       13%         3
d - Sticky Flame          Conj/Fire      14%        2d4       38%         4
e - Fireball              Conj/Fire      7%         3d5       75%         5
f - Apportation           Tloc           28%        N/A       4%          1
Your spell library was empty.

Dungeon Overview and Level Annotations

Branches:
Dungeon (2/15)

Altars:


Innate Abilities, Weirdness & Mutations

You are immune to poison.
Your flesh is very heat resistant. (rF++)
You are vulnerable to cold. (rC-)
You float through the air rather than walking.
You learn spells naturally, not from books.
Your magical power is your life essence.
You have superior vitality. (+4 HP)


Message History

You feel clever.
The power to cast Apportation wells up from within.
Spell assigned to 'f'.
There is a stone staircase leading up here.
Casting: Foxfire (safe; 4% risk of failure)
Confirm with . or Enter, or press ? or * to list all spells.
You conjure some foxfire!
The orc wizard barely misses you.
You closely miss the orc wizard.
The orc wizard hits you with a +0 dagger.
The orc priest looks satisfied for a moment.
You closely miss the orc wizard.
The orc priest mumbles some strange prayers to Beogh against you.
Beogh smites you! The orc wizard barely misses you.
Your foxfire dissipates!
Casting: Foxfire (safe; 4% risk of failure)
Confirm with . or Enter, or press ? or * to list all spells.
There is not enough space to conjure foxfire!
You reach down and open the door.
The orc wizard hits you with a +0 dagger.
* * * LOW HITPOINT WARNING * * *
Found a ring mail and a scroll labelled ESSAMA IPLALOG.
Found a stone staircase leading up and a stone staircase leading down.
There is an open door here.
Found 14 gold pieces.
Found a stone staircase leading down.
Casting: Foxfire (safe; 4% risk of failure)
Confirm with . or Enter, or press ? or * to list all spells.
You conjure some foxfire!
* * * LOW HITPOINT WARNING * * *
The foxfire hits the orc wizard.
The orc wizard is lightly wounded.
The foxfire hits the orc wizard but does no damage.
The orc wizard is lightly wounded.
You are too injured to fight recklessly!
The orc wizard hits you with a +0 dagger.
* * * LOW HITPOINT WARNING * * *
You closely miss the orc wizard.
The orc wizard is lightly wounded.
You closely miss the orc priest. The orc wizard barely misses you.
The orc priest hits you with a +0 short sword.
You die...

. ##+# .. ##>..#
... ##.....## ....
#.......## ...?.
.....[...####...#.#
.>......@o.Jo).....
.$..<...o####...#.#
#.......## .#..#
##.....## .# #
##..?# .# ##+# #


You could see 2 orc priests, an orc wizard and an endoplasm.

Vanquished Creatures
  A dart slug (D:1)
  An orc (D:2)
  2 giant cockroaches (D:1)
  2 goblins (D:1)
  4 hobgoblins (D:1)
  A ball python (D:1)
  3 bats (D:1)
  3 frilled lizards (D:1)
  A kobold (D:1)
  4 rats (D:1)
22 creatures vanquished.

Vanquished Creatures (others)
  13 foxfires
13 creatures vanquished.

Grand Total: 35 creatures vanquished

Notes
Turn   | Place    | Note
-------+----------+-------------------------------------------
     0 | D:1      | Kakkamies the Djinni Fire Elementalist began the quest for
                  | the Orb.
     0 | D:1      | Reached XP level 1. HP: 15/15 MP: 0/0
   278 | D:1      | Reached skill level 3 in Spellcasting
   334 | D:1      | Reached XP level 2. HP: 16/21 MP: 0/0
  1265 | D:2      | Reached XP level 3. HP: 24/26 MP: 0/0
  1265 | D:2      | Learned a level 1 spell: Apportation
  1275 | D:2      | HP: 1/26 [orc wizard/+0 dagger (4)]
  1277 | D:2      | Slain by an orc priest

Illustrated notes

Levels and vault maps discovered:
D:1:      minmay_arrival_arboretum_small, layout_loops_ring, st_stairs_8,
          kennysheep_crisscross
D:2:      layout_loops_corners, uniq_crazy_yiuf_cottage

Skill      XL: |  1 |
---------------+----+-----
Spellcasting   | 3 |  3.3
Fighting       | |  0.4
Dodging        | |  2.4
Stealth        | |  1.6

Action                   || total
-------------------------++-------
Melee: Dagger            ||    58
       Unarmed           ||     4
 Cast: Foxfire           ||    10
 Stab: Sleeping          ||     3
Armor: Robe              ||    11
Dodge: Dodged            ||    33

Table legend: (Time is in decaauts)
 A = Elapsed time spent in this place.
 B = Non-inter-level travel time spent in this place.
 C = Inter-level travel time spent in this place.
 D = Time resting spent in this place.
 E = Time spent auto-exploring this place.
 F = Levels seen in this place.
 G = Mean time per level.
                   A        B        C        D        E       F      G
               +--------+--------+--------+--------+--------+-----+--------+
         Total |   1276 |   1237 |     39 |    320 |    739 |   2 |  638.0 |
       Dungeon |   1276 |   1237 |     39 |    320 |    739 |   2 |  638.0 |
               +--------+--------+--------+--------+--------+-----+--------+

Top non-repeatable levels by time:
     D:1: 1258 daAuts
     D:2: 17 daAuts
